Map: Cyber Forest LE

Players

Reeeeeefresh - Winner!

  • Race: Terran Terran
  • League: Diamond
  • Spawn Location: 5:00

Legacy

  • Race: Protoss Protoss
  • League: Master
  • Spawn Location: 11:00

VOD

Have the link to the VOD?

Description

Time

  • Played on: May 3, 2019, 11:56 a.m.
  • Length: 9:24
Show
View Real Time Build Order
Export as new Build Order

Reeeeeefresh Terran - Winner!

Build Orders:  

Get SALT Encoding   

  12  0:01  SCV  
  13  0:15  SCV  
  13  0:18  Supply Depot  
  14  0:27  SCV  
  15  0:40  SCV  
  16  0:44  Barracks  
  16  0:47  Refinery  
  16  0:54  SCV  
  17  1:06  SCV  
  18  1:18  SCV  
  19  1:27  Barracks  
  19  1:28  Refinery  
  19  1:32  Orbital Command  
  19  1:41  Supply Depot, Marine  
  20  1:52  Bunker  
  20  1:57  SCV  
  21  2:08  Marine  
  22  2:09  SCV  
  21  2:26  SCV  
  22  2:32  Marine x2  
  22  2:38  SCV  
  22  2:45  Factory  
  19  3:07  SCV  
  20  3:19  SCV  
  19  3:31  SCV, Factory Tech Lab  
  20  3:43  SCV  
  20  3:47  Barracks Reactor  
  21  3:56  SCV  
  22  4:08  SCV  
  23  4:19  Supply Depot  
  23  4:40  Siege Tank, SCV  
  27  4:52  SCV  
  28  4:56  Command Center  
  28  5:00  Marine x3  
  31  5:11  Supply Depot  
  31  5:14  Siege Tank, SCV  
  35  5:22  Marine  
  35  5:23  Marine x2  
  38  5:29  Refinery  
  38  5:40  Marine x2  
  38  5:41  Starport, Marine  
  41  5:43  Supply Depot  
  41  5:56  Siege Tank  
  44  5:58  Marine x2  
  44  6:03  SCV  
  47  6:07  Liberator  
  47  6:11  Orbital Command  
  50  6:33  Engineering Bay  
  50  6:36  Marine  
  50  6:37  Marine x2  
  53  6:45  Siege Tank  
  56  6:52  Orbital Command  
  56  6:55  Marine x3  
  56  6:56  Liberator  
  59  7:03  Missile Turret  
  55  7:36  SCV x2  
  56  7:38  Marine x2  
  58  7:46  Barracks Tech Lab  
  58  7:48  SCV x2  
  60  7:58  Missile Turret, Starport Reactor  
  60  8:00  SCV x2  
  62  8:12  SCV x2  
  64  8:20  Supply Depot  
  64  8:24  SCV  
  64  8:25  SCV  
  66  8:28  Marine  
  66  8:29  Marine x2  
  69  8:39  SCV  
  70  8:42  Siege Tank, SCV  
  70  8:46  Marine  
  75  8:51  SCV  
  75  9:05  Supply Depot  
  75  9:06  Supply Depot  
  75  9:09  Supply Depot, SCV x2  
  75  9:10  Refinery  
  75  9:12  Refinery  
  75  9:16  Supply Depot  
  75  9:21  Supply Depot  
Show
View Real Time Build Order
Export as new Build Order

Legacy Protoss 

Build Orders: Cannon Rush 

Get SALT Encoding   

  12  0:02  Probe  
  14  0:14  Probe  
  14  0:16  Pylon  
  14  0:26  Probe  
  15  0:37  Forge  
  15  0:41  Probe  
  16  0:53  Pylon  
  16  0:59  Probe  
  17  1:18  Photon Cannon  
  17  1:19  Photon Cannon  
  17  1:29  Pylon  
  17  1:47  Photon Cannon  
  17  1:49  Photon Cannon  
  17  1:50  Photon Cannon  
  17  1:59  Photon Cannon  
  17  2:12  Photon Cannon  
  17  2:15  Photon Cannon  
  17  2:24  Photon Cannon  
  17  2:34  Photon Cannon  
  17  2:36  Photon Cannon  
  17  3:00  Gateway  
  17  3:03  Assimilator  
  17  3:09  Photon Cannon  
  17  3:24  Photon Cannon  
  17  3:28  Photon Cannon  
  17  3:45  Pylon  
  17  3:47  Photon Cannon, Probe  
  17  3:52  Cybernetics Core  
  17  3:55  Probe  
  18  4:04  Probe  
  19  4:12  Probe  
  19  4:14  Assimilator  
  20  4:21  Warp Gate, Pylon  
  20  4:36  Probe  
  20  4:44  Probe  
  21  4:51  Gateway  
  22  4:54  Gateway  
  22  5:06  Photon Cannon  
  22  5:20  Nexus  
  22  5:23  Pylon  
  22  5:31  Probe  
  23  5:42  Photon Cannon  
  23  5:43  Probe  
  24  5:55  Probe  
  25  5:59  Gateway  
  25  6:07  Probe  
  26  6:13  Twilight Council  
  26  6:14  Stalker  
  28  6:21  Stalker  
  30  6:28  Pylon  
  30  6:31  Probe  
  31  6:37  Stalker  
  31  6:38  Blink  
  33  6:40  Probe x2  
  35  6:50  Stalker  
  37  6:58  Probe  
  38  7:06  Stalker  
  40  7:10  Probe  
  40  7:12  Stalker  
  43  7:18  Probe  
  43  7:20  Zealot  
  42  7:27  Zealot  
  28  7:36  Stalker  
  29  7:43  Stalker  
  31  7:50  Stalker  
  33  8:36  Pylon  
  33  8:38  Pylon  
Tags
 
Add a new tag
Caveats
  • Supply blocks, unpowered buildings, or Contaminate may cause inaccurate times.
  • Supply counts are checked every 10 seconds.